Map: Deathaura LE

Players

Serral - Winner!

  • Race: Zerg Zerg
  • League: Master
  • Spawn Location: 5:00

AGOElazer (Elazer)

  • Race: Zerg Zerg
  • League: Master
  • Spawn Location: 11:00

Event: DreamHack SC2 Masters 2020 Fall

VOD

Have the link to the VOD?

Description

Time

  • Played on: Sept. 8, 2020, 11:09 a.m.
  • Length: 8:36

All games in this series

Show
View Real Time Build Order
Export as new Build Order

Serral Zerg - Winner!

Build Orders: Hatch First 

Get SALT Encoding   

  12  0:00  Drone  
  13  0:11  Overlord  
  13  0:16  Drone  
  14  0:30  Drone x2  
  16  0:46  Hatchery  
  15  0:50  Drone  
  15  0:53  Drone  
  15  0:56  Drone  
  18  1:08  Extractor  
  17  1:12  Spawning Pool  
  17  1:15  Drone  
  17  1:18  Drone  
  18  1:27  Drone  
  19  1:38  Drone  
  20  1:48  Drone  
  21  1:58  Queen  
  21  1:59  Queen, Zergling x2, Overlord  
  26  2:08  Metabolic Boost  
  26  2:10  Drone x2  
  28  2:20  Drone  
  28  2:21  Drone  
  30  2:32  Hatchery  
  30  2:34  Drone  
  30  2:37  Drone  
  31  2:44  Queen  
  31  2:48  Overlord  
  34  2:51  Drone  
  34  2:52  Drone  
  34  2:54  Drone  
  35  3:07  Evolution Chamber  
  35  3:09  Drone  
  35  3:10  Drone x4  
  35  3:12  Overlord  
  39  3:20  Drone x2  
  39  3:23  Overlord  
  39  3:25  Zergling x2  
  42  3:30  Zergling x2  
  43  3:34  Zerg Ground Armor Level 1  
  43  3:35  Zergling x2  
  43  3:39  Zergling x4  
  43  3:40  Zergling x2  
  47  3:44  Drone  
  47  3:46  Zergling x4  
  50  3:53  Drone, Roach Warren  
  50  3:55  Drone  
  51  3:56  Zergling x6  
  51  4:00  Overlord  
  54  4:08  Zergling x6  
  57  4:14  Drone x2  
  57  4:16  Lair  
  59  4:17  Zergling x8  
  63  4:29  Drone x2  
  63  4:30  Drone x2  
  67  4:31  Drone x3  
  67  4:34  Extractor x2  
  67  4:38  Overlord  
  67  4:45  Drone x3  
  70  4:47  Drone x3  
  70  4:51  Extractor  
  70  4:52  Zergling x4  
  73  4:58  Overlord  
  73  5:00  Roach x3  
  73  5:04  Overlord  
  73  5:05  Roach  
  81  5:15  Overlord x2  
  81  5:16  Overseer  
  83  5:21  Roach x2  
  83  5:25  Glial Reconstitution  
  83  5:26  Overlord  
  83  5:27  Drone x2  
  87  5:28  Overlord  
  87  5:30  Zerg Missile Weapons Level 1  
  87  5:34  Roach  
  89  5:37  Roach x2  
  93  5:43  Roach x2  
  93  5:46  Spine Crawler  
  93  5:47  Spine Crawler  
  93  5:49  Roach x2  
  101  5:50  Roach  
  101  5:53  Overlord  
  101  5:55  Roach x2  
  105  6:02  Roach x4  
  113  6:07  Overlord  
  113  6:10  Roach x3  
  120  6:13  Overlord  
  120  6:17  Roach x2  
  120  6:18  Roach  
  126  6:19  Overlord  
  126  6:24  Overlord  
  126  6:26  Roach x3  
  126  6:30  Roach x2  
  136  6:35  Overlord  
  136  6:39  Roach x3  
  141  6:45  Roach x3  
  133  6:47  Roach  
  133  6:51  Roach  
  118  6:54  Roach x3  
  116  7:02  Roach x3, Zergling x4  
  118  7:08  Roach  
  118  7:09  Roach x2  
  118  7:14  Roach x2  
  123  7:17  Roach  
  123  7:24  Roach x4  
  131  7:32  Roach x2  
  134  7:39  Roach x2  
  134  7:41  Roach  
  134  7:42  Roach x3, Zergling x6  
  140  7:47  Roach x2  
  130  7:55  Roach  
  130  7:58  Roach x4  
  130  8:02  Roach  
  130  8:05  Roach  
  136  8:11  Roach x4  
  144  8:14  Extractor  
  144  8:17  Roach x2, Zergling x4  
Show
View Real Time Build Order
Export as new Build Order

AGOElazer Zerg 

Build Orders: Hatch First 

Get SALT Encoding   

  12  0:00  Drone  
  13  0:12  Overlord  
  13  0:16  Drone  
  14  0:30  Drone x2  
  16  0:47  Hatchery  
  15  0:50  Drone  
  15  0:54  Drone  
  17  0:57  Drone  
  18  1:08  Extractor  
  17  1:12  Spawning Pool  
  17  1:15  Drone  
  17  1:19  Drone  
  18  1:27  Drone  
  19  1:38  Drone  
  20  1:50  Drone  
  20  1:53  Evolution Chamber  
  20  1:59  Drone, Queen x2  
  25  2:02  Drone  
  26  2:10  Drone  
  26  2:11  Overlord  
  27  2:18  Zerg Missile Weapons Level 1  
  27  2:21  Drone  
  28  2:30  Drone  
  28  2:32  Drone x2  
  28  2:34  Queen  
  33  2:42  Overlord  
  33  2:44  Drone  
  34  2:52  Roach Warren  
  34  2:53  Drone  
  34  2:54  Drone  
  35  3:02  Lair  
  35  3:04  Drone x2  
  37  3:08  Drone, Extractor  
  37  3:09  Drone  
  37  3:10  Drone  
  39  3:13  Drone  
  39  3:14  Drone  
  39  3:19  Drone  
  42  3:23  Overlord  
  42  3:24  Drone  
  43  3:28  Evolution Chamber  
  43  3:30  Drone  
  43  3:35  Drone, Extractor  
  43  3:39  Drone  
  44  3:43  Drone x6  
  44  3:47  Overlord  
  50  3:58  Queen, Overlord  
  52  4:05  Glial Reconstitution  
  52  4:06  Overlord  
  52  4:07  Roach x2  
  56  4:14  Zerg Missile Weapons Level 2  
  56  4:15  Roach  
  58  4:17  Roach  
  58  4:19  Roach  
  58  4:22  Roach  
  64  4:25  Roach  
  64  4:28  Roach  
  64  4:29  Roach  
  70  4:45  Roach x3  
  76  4:48  Hatchery  
  76  4:53  Overlord  
  76  4:55  Overlord  
  76  4:59  Overlord  
  76  5:00  Zerg Ground Armor Level 1  
  76  5:03  Overlord  
  76  5:04  Overlord  
  76  5:12  Roach x4  
  84  5:18  Roach x4  
  92  5:24  Overlord  
  92  5:27  Roach x3  
  98  5:32  Overlord  
  98  5:33  Roach  
  100  5:51  Hatchery  
  100  5:52  Roach x5  
  100  5:57  Overlord  
  109  5:58  Roach  
  109  6:00  Roach  
  113  6:05  Roach x2  
  113  6:10  Roach x2  
  121  6:18  Roach  
  123  6:24  Roach  
  125  6:32  Roach x7  
  140  6:45  Roach x2  
  122  7:00  Roach x3  
  122  7:01  Roach x4  
  120  7:06  Roach x2  
  116  7:10  Roach  
  116  7:14  Roach, Hatchery  
  107  7:22  Roach  
  105  7:32  Roach x4  
  105  7:34  Roach x2  
  103  7:44  Roach x3  
  103  7:48  Roach  
  95  7:51  Roach  
  93  8:02  Roach x4  
  93  8:05  Roach  
  93  8:08  Roach  
  93  8:10  Roach  
  93  8:12  Overlord  

Tags
 
Add a new tag
Caveats
  • Supply blocks, unpowered buildings, or Contaminate may cause inaccurate times.
  • Supply counts are checked every 10 seconds.